 Dungeon Crawl Stone Soup version 0.28-a0-991-g956f0ee3d5 (webtiles) character file.

Game seed: 5428661308416445507

3226 Lavandula the Quickloader (level 9, -29/88 HPs)
             Began as a Naga Arcane Marksman on Dec 5, 2021.
             Was an Initiate of Gozag.
             Killed by an exploding ogre (33 damage)
             ... ignited by their inner flame
             ... on level 9 of the Dungeon.
             The game lasted 00:18:45 (8295 turns).

Lavandula the Quickloader (Naga Arcane Marksman)    Turns: 8295, Time: 00:18:45

Health: -29/88     AC:  8    Str: 21    XL:     9   Next: 98%
Magic:  10/10      EV: 25    Int: 14    God:    Gozag
Gold:   510        SH:  0    Dex: 13    Spells: 9/10 levels left

rFire   . . .      SeeInvis +   a - +2 hand crossbow (venom)
rCold   + . .      Faith    .   (no shield)
rNeg    . . .      Spirit   .   t - +2 steam dragon scales
rPois   +          Reflect  .   (no helmet)
rElec   .          Harm     .   (no cloak)
rCorr   .          Rampage  .   (no gloves)
Will    +....                   (no barding)
Stlth   +.........              q - amulet of the acrobat
HPRegen 0.24/turn               s - ring of protection from cold
MPRegen 0.12/turn               d - +6 ring of strength

@: gold aura, acrobatic, very slow
A: AC +3, large, see invisible, deformed body, poison resistance, slowness 2,
spit poison 1, naga tail 1
a: Spit Poison, Renounce Religion, Potion Petition, Call Merchant, Bribe Branch


You were on level 9 of the Dungeon.
You worshipped Gozag.
Gozag was pleased with you.
You visited 2 branches of the dungeon, and saw 10 of its levels.

You collected 623 gold pieces.
You paid 113 gold pieces to Gozag.

Inventory:

Hand Weapons
 a - a +2 hand crossbow of venom (weapon)
 i - a +0 falchion
 n - a +1 mace of protection
 E - a +3 great sword of freezing
 F - a +3 falchion
 G - a +4 spear of freezing
Missiles
 c - 54 bolts (quivered ammo)
 m - 2 throwing nets
Armour
 t - +2 steam dragon scales (worn)
Magical Staves
 w - a staff of poison
Jewellery
 d - a +6 ring of strength (right hand)
 q - an amulet of the acrobat (around neck)
 s - a ring of protection from cold (left hand)
Scrolls
 e - a scroll of brand weapon
 f - 2 scrolls of vulnerability
 g - a scroll of immolation
 r - 2 scrolls of blinking {unknown}
 y - a scroll of magic mapping {unknown}
 B - 2 scrolls of teleportation
 C - a scroll of amnesia
Potions
 b - a potion of curing
 h - 3 potions of flight {unknown}
 j - a potion of attraction {unknown}
 o - a potion of mutation {unknown}
 p - 2 potions of ambrosia {unknown}
 u - 4 potions of heal wounds {unknown}
 v - a potion of lignification {unknown}
 x - a potion of degeneration {unknown}
 z - a potion of brilliance {unknown}


   Skills:
 - Level 7.9 Fighting
 - Level 10.0 Crossbows
 + Level 2.5 Armour
 - Level 1.5 Dodging
 - Level 1.0 Spellcasting
 - Level 3.0 Hexes


You had 9 spell levels left.
You knew the following spells:

 Your Spells              Type           Power      Damage    Failure   Level
a - Slow                  Hex            36%        N/A       8%          1

Your spell library contained the following spells:

 Spells                   Type           Power      Damage    Failure   Level
 Ensorcelled Hibernation  Hex/Ice        8%         N/A       22%         2
 Inner Flame              Hex/Fire       4%         N/A       38%         3
 Portal Projectile        Hex/Tloc       8%         N/A       38%         3
 Cause Fear               Hex            4%         N/A       58%         4
 Gell's Gravitas          Tloc           0%         N/A       61%         3
 Lesser Beckoning         Tloc           0%         N/A       61%         3
 Ozocubu's Armour         Ice            0%         N/A       61%         3
 Teleport Other           Tloc           0%         N/A       61%         3
 Vampiric Draining        Necr           0%         2d6       61%         3
 Metabolic Englaciation   Hex/Ice        2%         N/A       98%         5
 Simulacrum               Ice/Necr       0%         N/A       100%        6
 Ozocubu's Refrigeration  Ice            0%         4d5       100%        7


Dungeon Overview and Level Annotations

Branches:
Dungeon (9/15)             Temple (1/1) D:7             Orc (0/2) D:9
   Lair: D:8-11

Altars:
Ashenzari
Cheibriados
Dithmenos
Elyvilon
Fedhas
Gozag
Hepliaklqana
Kikubaaqudgha
Qazlal
Ru
Sif Muna
Trog
Uskayaw
Vehumet
Wu Jian
Xom
Yredelemnul
Zin
The Shining One

Shops:
D:6 :   D:7 *

Annotations:
D:8 exclusion: goblin


Innate Abilities, Weirdness & Mutations

Your serpentine skin is tough. (AC +3)
You have supernaturally acute eyesight. (SInv)
Armour fits poorly on your strangely shaped body.
Your system is resistant to poisons. (rPois)
You cover ground very slowly.
You can spit poison.
You have a snake-like lower body.


Message History

You aren't carrying any items that you can evoke.
Unknown command.
Really read the scroll of immolation?
As you read the scroll of immolation, it crumbles to dust.
The creatures around you are filled with an inner flame!
The orc shouts!
The orc warrior shouts!
The ogre hits you with a +0 giant spiked club!!
The gnoll sergeant hits you from afar with a +0 trident.
Unknown command.
Unknown command.
You feel better.
The orc warrior hits you from afar with a +0 halberd!!
The gnoll sergeant hits you from afar with a +0 trident.
Unknown command.
You aren't carrying any items that you can evoke.
Unknown command.
As you read the scroll of summoning, it crumbles to dust.
Wisps of shadow whirl around you...
The ogre hits you with a +0 giant spiked club!
* * * LOW HITPOINT WARNING * * *
The orc warrior hits you from afar with a +0 halberd.
* * * LOW HITPOINT WARNING * * *
The gnoll sergeant hits you from afar with a +0 trident!
* * * LOW HITPOINT WARNING * * *
Okay, then.
Unknown command.
You swap places.
The ogre misses you.
Your kobold brigand hits the ogre with a +0 short sword.
Flame seeps out of the ogre.
Your gnoll sergeant hits the ogre from afar with a +0 spear.
Flame seeps out of the ogre.
Your kobold completely misses the ogre.
The gnoll sergeant completely misses you.
Unknown command.
The ogre is engulfed in blazing flames.
Flame seeps out of the ogre.
Your kobold brigand hits the ogre with a +0 short sword.
Flame seeps out of the ogre.
The ogre is engulfed in blazing flames.
The ogre explodes!
The fiery explosion engulfs you!!
You die...
Your body crumbles into a pile of gold.

#..............#......
#..............#......
#....######...........
##.........#...........
.............#...........
...######....#...........
........KK...#...........
.#######K#...#...........


#8Oog #@#####....#...... #ooToo#○# #....#...... #oogog°K# #....#...... #.oKoo#K#
#....# .... #8.go8#g# #....# ##### #g# #..... ggg g## $ . You could see an orc
warrior (inner flame), an orc (inner flame), a friendly kobold brigand
(summoned), a friendly gnoll sergeant (summoned), 5 friendly gnolls and 4
friendly kobolds.

Vanquished Creatures
  An ugly thing (D:8)
  Prince Ribbit (D:8)
  2 steam dragons (D:6)
  Duvessa (D:7)
  An orc warrior (D:8)
  2 sky beasts
  2 ogres
  2 phantoms
  3 bullfrogs
  A gnoll sergeant (D:8)
  A wyvern zombie (D:8)
  A wyvern skeleton (D:6)
  A scorpion (D:6)
  A water moccasin zombie (D:5)
  Dowan (D:7)
  5 wights (D:7)
  A centaur zombie (D:8)
  A hound (D:5)
  2 jellies
  A gnoll shaman (D:5)
  6 orc priests
  3 bullfrog skeletons
  A centaur skeleton (D:4)
  Jessica (D:2)
  Natasha (twice) (D:2)
  An iguana (D:5)
  8 orc wizards
  A killer bee zombie (D:8)
  2 hound skeletons
  2 howler monkey zombies
  6 gnolls
  A howler monkey skeleton (D:7)
  8 adders
  An ufetubus (D:7)
  A worm (D:4)
  2 dart slugs
  17 orcs
  8 endoplasms
  2 giant cockroaches
  8 goblins
  10 hobgoblins
  4 jackals (D:1)
  4 quokkas
  2 ball pythons
  3 bats
  2 frilled lizards
  6 kobolds
  4 rats
147 creatures vanquished.

Notes
Turn   | Place    | Note
-------+----------+-------------------------------------------
     0 | D:1      | Lavandula the Naga Arcane Marksman began the quest for the
                  | Orb.
     0 | D:1      | Reached XP level 1. HP: 18/18 MP: 2/2
    75 | D:1      | Reached skill level 2 in Crossbows
   238 | D:1      | Reached XP level 2. HP: 25/25 MP: 3/3
   415 | D:1      | Found a faded altar of an unknown god.
   703 | D:1      | Reached skill level 3 in Crossbows
   705 | D:1      | Reached XP level 3. HP: 31/31 MP: 4/4
  1306 | D:2      | Reached XP level 4. HP: 30/38 MP: 5/5
  1309 | D:2      | Reached skill level 4 in Crossbows
  1402 | D:2      | Noticed Natasha
  1407 | D:2      | Killed Natasha
  1465 | D:2      | Noticed Jessica
  1467 | D:2      | Killed Jessica
  1468 | D:2      | Reached XP level 5. HP: 39/44 MP: 6/6
  1672 | D:2      | Noticed Natasha
  1676 | D:2      | Killed Natasha
  1744 | D:3      | Reached skill level 5 in Crossbows
  2385 | D:4      | Reached XP level 6. HP: 51/51 MP: 7/7
  2435 | D:4      | Reached skill level 6 in Crossbows
  2716 | D:4      | Found an ancient bone altar of Kikubaaqudgha.
  2717 | D:4      | Found a stormy altar of Qazlal.
  2720 | D:4      | Found an ornate altar of the Wu Jian Council.
  3379 | D:5      | Entered Level 5 of the Dungeon
  3632 | D:5      | Reached XP level 7. HP: 57/57 MP: 8/8
  3739 | D:5      | Reached skill level 7 in Crossbows
  3770 | D:5      | Found a white marble altar of Elyvilon.
  4341 | D:5      | Got Gaozxin's Papyrus of Twisted Fascination
  4866 | D:6      | Noticed a steam dragon
  4917 | D:6      | Reached skill level 8 in Crossbows
  5055 | D:6      | Noticed a steam dragon
  5062 | D:6      | Killed a steam dragon
  5063 | D:6      | Reached XP level 8. HP: 58/64 MP: 9/9
  5303 | D:6      | Found Viocylol's Book Boutique.
  5430 | D:6      | Found a shadowy altar of Dithmenos.
  5578 | D:6      | Reached skill level 9 in Crossbows
  5962 | D:7      | Found Zin's Purification Station.
  5965 | D:7      | Found a glowing silver altar of Zin.
  5994 | D:7      | Reached skill level 10 in Crossbows
  6115 | D:7      | Noticed Duvessa
  6120 | D:7      | Killed Duvessa
  6121 | D:7      | Reached XP level 9. HP: 76/76 MP: 10/10
  6122 | D:7      | Noticed Dowan
  6130 | D:7      | Killed Dowan
  6273 | D:7      | Found a staircase to the Ecumenical Temple.
  6386 | Temple   | Entered the Ecumenical Temple
  6442 | Temple   | Became a worshipper of Gozag Ym Sagoz the Greedy
  6491 | D:7      | Found a shimmering blue altar of Sif Muna.
  6512 | D:7      | Noticed an eight-headed hydra
  6513 | D:7      | Reached skill level 5 in Fighting
  7337 | D:8      | Noticed a white ugly thing
  7348 | D:8      | Killed a white ugly thing
  7675 | D:8      | Noticed Prince Ribbit
  7682 | D:8      | Killed Prince Ribbit
  7683 | D:8      | Reached skill level 1 in Armour
  8290 | D:9      | Found a staircase to the Orcish Mines.
  8290 | D:9      | Noticed a troll
  8293 | D:9      | HP: 3/88 [gnoll sergeant (10)]
  8295 | D:9      | Killed by an exploding ogre... ignited by their inner flame

Illustrated notes

Levels and vault maps discovered:
D:1:      zelgadis_glass_arrival_large, layout_basic,
          dreamdust_ecumenical_altar_angels_and_demons
D:2:      layout_loops_ring, uniq_jessica, uniq_natasha
D:3:      layout_basic
D:4:      layout_gridville, minitemple, enter_ossuary_5
D:5:      layout_basic, nicolae_elyvilon_peaceful_grove, nrook_loot_triangle,
          kennysheep_generic_room_5
D:6:      cheibrodos_steamvent, layout_loops_corners, lemuel_tele_altar,
          serial_shops, shop_coins, kennysheep_generic_room_14
D:7:      layout_basic, zin_purify, mainiacjoe_overflow_alcove_4,
          temple_statues, uniq_duvessa
D:8:      layout_loops_ring, kennysheep_okawaru_gauntlet, uniq_prince_ribbit1
D:9:      layout_grid_maze, grunt_temple_overflow_open,
          kennysheep_orc_monster_closet_entryway
Temple:   nicolae_temple_x_marks_the_god

Skill      XL: |  1  2  3  4  5  6  7  8  9 |
---------------+----------------------------+-----
Crossbows      | 2 3 4 5 6 8 10 | 10.0
Fighting       | 3 7 |  7.9
Armour         | 2 |  2.5
Dodging        | |  1.5
Spellcasting   | |  1.0
Hexes          | |  3.0

Action                   |  1- 3 |  4- 6 |  7- 9 || total
-------------------------+-------+-------+-------++-------
Melee: Hand crossbow     |       |       |    10 ||    10
 Fire: Hand crossbow     |    58 |    92 |   248 ||   398
Throw: Throwing net      |       |       |     1 ||     1
 Abil: Spit Poison       |    17 |    21 |    18 ||    56
  Use: Scroll            |       |     3 |    12 ||    15
       Potion            |       |       |     4 ||     4
Armor: Robe              |     2 |    19 |    14 ||    35
       Steam dragon scal |       |       |    41 ||    41
Dodge: Dodged            |     8 |    28 |    68 ||   104

Table legend: (Time is in decaauts)
 A = Elapsed time spent in this place.
 B = Non-inter-level travel time spent in this place.
 C = Inter-level travel time spent in this place.
 D = Time resting spent in this place.
 E = Time spent auto-exploring this place.
 F = Levels seen in this place.
 G = Mean time per level.
                   A        B        C        D        E       F      G
               +--------+--------+--------+--------+--------+-----+--------+
         Total |  10649 |  10105 |    544 |    673 |   7398 |  10 | 1064.9 |
       Dungeon |  10557 |  10026 |    531 |    673 |   7338 |   9 | 1173.0 |
        Temple |     91 |     78 |     13 |      0 |     60 |   1 |   91.0 |
               +--------+--------+--------+--------+--------+-----+--------+

Top non-repeatable levels by time:
     D:5: 1852 daAuts
     D:6: 1542 daAuts
     D:8: 1488 daAuts
     D:4: 1398 daAuts
     D:2: 1201 daAuts
     D:7: 1163 daAuts
     D:1: 1048 daAuts
     D:3: 804 daAuts
  Temple: 91 daAuts
     D:9: 57 daAuts
